 Dungeon Crawl Stone Soup version 0.31.0-11-ge490571c62 (webtiles) character file.

Game seed: 4401614786792088905

7 browni3141 the Conjurer (level 1, 0/13 HPs)
             Began as a Demonspawn Conjurer on Jan 30, 2024.
             Slain by a frilled lizard (1 damage)
             ... on level 1 of the Dungeon.
             The game lasted 00:00:15 (117 turns).

browni3141 the Conjurer (Demonspawn Conjurer)        Turns: 117, Time: 00:00:15

Health: 0/13       AC:  2    Str:  7    XL:     1   Next: 91%
Magic:  0/3        EV: 12    Int: 18    God:
Gold:   0          SH:  0    Dex: 11    Spells: 3/4 levels left

rFire   . . .        d - +0 club
rCold   . . .        (no shield)
rNeg    . . .        a - +0 robe
rPois   .            (no helmet)
rElec   .            (no cloak)
rCorr   .            (no gloves)
SInv    .            (no boots)
Will    .....        (no amulet)
Stlth   ++           (no ring)
HPRegen 0.22/turn    (no ring)
MPRegen 0.08/turn

%: no passive effects
@: no status effects
A: no striking features
a: no special abilities


You were on level 1 of the Dungeon.
You visited 1 branch of the dungeon, and saw 1 of its levels.

Inventory:

Hand Weapons
 d - a +0 club (weapon)
Armour
 a - a +0 robe (worn)
Scrolls
 c - 2 scrolls of identify {unknown}
Potions
 b - a potion of magic


   Skills:
 + Level 2.0 Dodging
 + Level 2.0 Stealth
 + Level 2.1 Spellcasting
 + Level 4.1 Conjurations


You had 3 spell levels left.
You knew the following spells:

 Your Spells              Type           Power      Damage    Failure   Level
a - Magic Dart            Conj           64%        1d6       3%          1

Your spell library contained the following spells:

 Spells                   Type           Power      Damage    Failure   Level
 Searing Ray              Conj           32%        2d5       4%          2
 Blink                    Tloc           2%         N/A       26%         2
 Call Imp                 Summ           2%         N/A       26%         2
 Fulminant Prism          Conj/Alch      4%         3d5       58%         4
 Iskenderun's Mystic Bla  Conj/Tloc      9%         2d4       58%         4


Dungeon Overview and Level Annotations

Branches:
Dungeon (1/15)

Altars:


Message History

Setting a skill training target for Throwing at 11.0.
There is a fountain of clear blue water here.
A goblin comes into view. It is wielding a +0 club.
A goblin is nearby!
The magic dart hits the goblin.
You kill the goblin!
You can't see any susceptible monsters within range! (Use Z to cast anyway.)
You can't see any susceptible monsters within range! (Use Z to cast anyway.) Magic restored.
An endoplasm and a ball python come into view.
There are monsters nearby!
There are monsters nearby!
The magic dart hits the ball python.
The ball python is moderately wounded.
The ball python hisses angrily.
A quokka comes into view.
The magic dart hits the ball python.
You kill the ball python!
The magic dart hits the quokka.
The quokka is almost dead.
You are out of magic!
The quokka twitches its whiskers.
The quokka misses you.
You miss the quokka.
The quokka is severely wounded.
The quokka bites you but does no damage.
You hit the quokka but do no damage.
The quokka is severely wounded.
The quokka closely misses you.
You barely miss the quokka.
The quokka is severely wounded.
The quokka barely misses you.
You closely miss the quokka.
The quokka is severely wounded.
The quokka closely misses you. The quokka bites you.
You hit the quokka.
The quokka is almost dead.
The quokka misses you.
You hit the quokka.
You kill the quokka!
You see here a quokka corpse.
c - a scroll labelled OSONOC KIPPANT
c - 2 scrolls labelled OSONOC KIPPANT (gained 1)
An endoplasm is nearby!
An endoplasm is nearby!
An endoplasm is nearby!
The magic dart hits the endoplasm.
The endoplasm is almost dead.
The endoplasm quivers.
The magic dart hits the endoplasm.
You kill the endoplasm!
You can't see any susceptible monsters within range! (Use Z to cast anyway.)
You see here a +0 club.
d - a +0 club (weapon)
You pick up a book of Minor Magic and begin reading...
You add the spells Blink and Call Imp to your library.
A hobgoblin and a frilled lizard come into view.
There are monsters nearby!
There are monsters nearby!
The magic dart hits the hobgoblin.
The hobgoblin is moderately wounded.
The magic dart hits the hobgoblin.
The hobgoblin is severely wounded.
The magic dart hits the hobgoblin.
You kill the hobgoblin!
The frilled lizard hisses angrily.
You are out of magic!
A kobold comes into view. It is wielding a +0 short sword.
The kobold shouts!
The frilled lizard bites you.
You barely miss the frilled lizard.
The kobold hits you with a +0 short sword.
The frilled lizard bites you but does no damage.
The kobold barely misses you.
The kobold hits you with a +0 short sword.
The kobold attacks as it pursues you! The kobold closely misses you.
You barely miss the kobold. The kobold hits you but does no damage.
The kobold hits you with a +0 short sword.
You hit the kobold but do no damage.
The kobold hits you with a +0 short sword.
You closely miss the kobold. The kobold barely misses you.
You hit the kobold.
You kill the kobold!
The frilled lizard closely misses you.
Your Dodging skill increases to level 2!
Your Stealth skill increases to level 2!
You closely miss the frilled lizard. The frilled lizard bites you.
The magic dart hits the frilled lizard.
The frilled lizard is heavily wounded.
The frilled lizard closely misses you.
You closely miss the frilled lizard.
The frilled lizard is heavily wounded.
The frilled lizard closely misses you.
You barely miss the frilled lizard.
The frilled lizard is heavily wounded.
The frilled lizard bites you.
You completely miss the frilled lizard.
The frilled lizard is heavily wounded.
The frilled lizard barely misses you. The frilled lizard bites you.
You die...

#. .#. ... ..###
...####...
#...........
#..........##
####...........##
................# #.
.........##.#l# ..
.........#.##@# .♣
#......##.#.# # ⌠♣
#......#.##....
.♣♣♣♣♣...............
<.⌠..†......†...####.
.♣♣♣♣♣..............
⌠♣ #..........####
.♣♣♣##..........#
................#


You could see a frilled lizard.

Vanquished Creatures
  An endoplasm (D:1)
  A goblin (D:1)
  A hobgoblin (D:1)
  A kobold (D:1)
  A quokka (D:1)
  A ball python (D:1)
6 creatures vanquished.

Notes
Turn   | Place    | Note
-------+----------+-------------------------------------------
     0 | D:1      | browni3141 the Demonspawn Conjurer began the quest for the
                  | Orb.
     0 | D:1      | Reached XP level 1. HP: 13/13 MP: 3/3
   117 | D:1      | Slain by a frilled lizard

Illustrated notes

Levels and vault maps discovered:
D:1:      scummos_arrival_forest, layout_rooms, minmay_misc_feat_rows,
          minmay_misc_feat_tiny

Skill      XL: |  1 |
---------------+----+-----
Dodging        | 2 |  2.0
Stealth        | 2 |  2.0
Spellcasting   | |  2.1
Conjurations   | |  4.1

Action                     || total
---------------------------++-------
  Melee: Club              ||     9
         Unarmed           ||     6
   Cast: Magic Dart        ||    10
 Armour: Robe              ||    12
  Dodge: Dodged            ||    12
